 Dungeon Sprint DCSS version 0.27-a0-1322-gfdffb62a71 (webtiles) character file.

Game seed: 16359190612113419912

2042 rocky1 the Blocker (level 9, -4/74 HPs)
             Began as a Formicid Fighter on June 23, 2021.
             Was a Priest of Cheibriados.
             Slain by a manticore (19 damage)
             ... in the Dungeon (Sprint IX: "|||||||||||||||||||||||||||||").
             The game lasted 00:03:06 (471 turns).

rocky1 the Blocker (Formicid Fighter)                Turns: 471, Time: 00:03:07

Health: -4/74      AC: 13    Str: 32    XL:     9   Next: 48%
Magic:  13/14      EV: 11    Int: 16    God:    Cheibriados [***...]
Gold:   0          SH: 15    Dex: 18    Spells: 8/8 levels left

rFire    . . .     SeeInvis +   j - +2 scimitar (holy)
rCold    . . .     Faith    .   c - +0 kite shield
rNeg     . . .     Spirit   .   m - +0 plate armour
rPois    .         Reflect  .   (helmet unavailable)
rElec    .         Harm     .   (no cloak)
rCorr    .         Rampage  .   (no gloves)
Will     .....                  (no boots)
Stlth    ..........             (no amulet)
HPRegen  0.22/turn              (no ring)
MPRegen  0.14/turn              (no ring)

@: spiked, very slow
A: permanent stasis, dig shafts and tunnels, antennae 3, four strong arms
a: Dig, Renounce Religion, Bend Time, Temporal Distortion


You were in the Dungeon.
You worshipped Cheibriados.
Cheibriados was most pleased with you.
You visited 1 branch

Inventory:

Hand Weapons
 j - a +2 scimitar of holy wrath (weapon)
 k - a +3 war axe of freezing
Armour
 b - a +0 scale mail
 c - a +0 kite shield (worn)
 m - a +0 plate armour (worn)
Jewellery
 a - a +3 ring of intelligence
 l - a +3 ring of strength
Wands
 i - a wand of acid (8)
Scrolls
 h - 2 scrolls of amnesia
Potions
 e - 4 potions of curing
 g - 4 potions of magic


   Skills:
 + Level 7.8 Fighting
 + Level 10.5 Long Blades
 + Level 7.7 Armour
 + Level 5.7 Dodging
 + Level 12.6 Shields
 + Level 7.5 Invocations
 + Level 6.9 Evocations


You had 8 spell levels left.
You didn't know any spells.
Your spell library was empty.

Dungeon Overview and Level Annotations

Branches:
Dungeon (1/1)

Altars:
Cheibriados
Dithmenos
Elyvilon
Fedhas
Gozag
Hepliaklqana
Kikubaaqudgha
Makhleb
Nemelex Xobeh
Okawaru
Qazlal
Ru
Sif Muna
Trog
Uskayaw
Vehumet
Wu Jian
Xom
Yredelemnul
Zin
The Shining One
Beogh
Jiyva
Lugonu


Innate Abilities, Weirdness & Mutations

You cannot be hasted, slowed, berserked, paralysed or teleported.
You can dig through walls and to a lower floor.
You have a pair of large antennae on your head. (SInv)
Your four strong arms can wield two-handed weapons with a shield.


Message History

The cyclops is no longer covered in acid.
The meliai mumbles some strange prayers to its god against you.
Something smites you! The cyclops barely misses you.
Unknown command.
You slash the cyclops!
The cyclops is almost dead.
The meliai mumbles some strange prayers to its god against you.
Something smites you!
* * * LOW HITPOINT WARNING * * *
You slash the cyclops!
You kill the cyclops!
Cheibriados appreciates the change of pace.
Cheibriados raises the support of your attributes as your movement slows.
The manticore flicks its tail.
The volley of spikes hits you.
The barbed spikes become lodged in your body.
* * * LOW HITPOINT WARNING * * *
The manticore flicks its tail.
The volley of spikes misses you.
The meliai invokes the aid of its god against you.
Something smites you!
* * * LOW HITPOINT WARNING * * *
The manticore flicks its tail.
The volley of spikes misses you.
You feel much better.
Unknown command.
You hit the manticore but do no damage.
The manticore is moderately wounded.
The manticore misses you. You block the manticore's attack.
The manticore claws you.
* * * LOW HITPOINT WARNING * * *
You hit the manticore but do no damage.
The manticore is moderately wounded.
The manticore bites you!
* * * LOW HITPOINT WARNING * * *
You block the manticore's attack.
The manticore claws you but does no damage.
Unknown command.
You feel better. The manticore bites you!!
You die...

▓†▓
▓.▓
▓)▓
▓)▓
▓.▓
▓.▓
▓.▓
▓'▓
▓@▓
▓H▓
▓y▓
▓9▓
▓.▓
▓.▓
▓+▓


You could see a manticore, a gargoyle and a meliai (corroded).

Vanquished Creatures
  A two-headed ogre (D)
  2 cyclopes (D)
  2 yaks (D)
  An ogre (D)
  A centaur (D)
  A scorpion (D)
  A wight (D)
  A howler monkey (D)
  A hound (D)
  An iguana (D)
  An adder zombie (D)
  A bat zombie (D)
  A goblin (D)
  A frilled lizard (D)
  A kobold (D)
  2 rats (D)
19 creatures vanquished.

Notes
Turn   | Place    | Note
-------+----------+-------------------------------------------
     0 | D        | rocky1 the Formicid Fighter began the quest for the Orb.
     0 | D        | Reached XP level 1. HP: 18/18 MP: 1/1
     8 | D        | Reached skill level 4 in Shields
   178 | D        | Noticed an ogre
   178 | D        | Noticed a hound
   178 | D        | Noticed an iguana
   178 | D        | Noticed a scorpion
   182 | D        | Killed an ogre
   183 | D        | Reached skill level 8 in Shields
   183 | D        | Reached XP level 2. HP: 24/24 MP: 2/2
   183 | D        | Reached XP level 3. HP: 29/29 MP: 3/3
   183 | D        | Reached XP level 4. HP: 35/35 MP: 4/4
   186 | D        | Reached XP level 5. HP: 36/41 MP: 5/5
   191 | D        | Reached skill level 9 in Shields
   195 | D        | Reached skill level 10 in Shields
   195 | D        | Reached XP level 6. HP: 28/47 MP: 6/6
   208 | D        | Found a snail-covered altar of Cheibriados.
   208 | D        | Found a shadowy altar of Dithmenos.
   208 | D        | Found a white marble altar of Elyvilon.
   208 | D        | Found a blossoming altar of Fedhas.
   208 | D        | Found an opulent altar of Gozag.
   209 | D        | Found a hazy altar of Hepliaklqana.
   210 | D        | Found a viscous altar of Jiyva.
   211 | D        | Found an ancient bone altar of Kikubaaqudgha.
   212 | D        | Became a worshipper of Cheibriados the Contemplative
   213 | D        | Found a corrupted altar of Lugonu.
   214 | D        | Found a burning altar of Makhleb.
   215 | D        | Found a sparkling altar of Nemelex Xobeh.
   216 | D        | Found an iron altar of Okawaru.
   217 | D        | Found a stormy altar of Qazlal.
   218 | D        | Found a sacrificial altar of Ru.
   219 | D        | Found a shimmering blue altar of Sif Muna.
   220 | D        | Found a bloodstained altar of Trog.
   221 | D        | Found a hide-covered altar of Uskayaw.
   222 | D        | Found a radiant altar of Vehumet.
   223 | D        | Found an ornate altar of the Wu Jian Council.
   224 | D        | Found a shimmering altar of Xom.
   225 | D        | Found a basalt altar of Yredelemnul.
   226 | D        | Found a glowing silver altar of Zin.
   227 | D        | Found a glowing golden altar of the Shining One.
   310 | D        | Noticed a yak
   310 | D        | Noticed a two-headed ogre
   310 | D        | Noticed a yak
   318 | D        | Killed a yak
   324 | D        | Reached skill level 11 in Shields
   324 | D        | Reached XP level 7. HP: 50/55 MP: 6/9
   327 | D        | Killed a two-headed ogre
   327 | D        | Reached * piety under Cheibriados
   328 | D        | Reached skill level 5 in Invocations
   328 | D        | Reached skill level 5 in Evocations
   328 | D        | Reached XP level 8. HP: 40/65 MP: 7/12
   333 | D        | Killed a yak
   334 | D        | Reached skill level 10 in Long Blades
   334 | D        | Reached skill level 12 in Shields
   339 | D        | Reached ** piety under Cheibriados
   451 | D        | Noticed a cyclops
   451 | D        | Noticed a cyclops
   451 | D        | Noticed a manticore
   451 | D        | Noticed a meliai
   451 | D        | Noticed a gargoyle
   460 | D        | Killed a cyclops
   460 | D        | Reached *** piety under Cheibriados
   461 | D        | Reached skill level 5 in Dodging
   461 | D        | Reached XP level 9. HP: 25/72 MP: 12/14
   465 | D        | Killed a cyclops
   467 | D        | HP: 1/74 [meliai/divine providence (16)]
   471 | D        | Slain by a manticore

Illustrated notes

Levels and vault maps discovered:
D:        linesprint [early_d, line_temple, items_1, d_10, items_2, lair_1,
          lair_end, items_3, orc_1, orc_end, items_4, d_15, swamp_1, shoals_1,
          snake_1, spider_1, d_20, vaults_1, items_5, swamp_end, shoals_end,
          snake_end, spider_end, vaults_end, d_27, items_6, zot_1, zot_end,
          crypt_end, forest_end, elf_end, slime_end, tomb_end, abyss_end,
          pan_hell_end]

Skill      XL: |  1  2  3  4  5  6  7  8  9 |
---------------+----------------------------+-----
Shields        | 8 10 11 12 | 12.6
Long Blades    | 6 7 8 9 10 | 10.5
Fighting       | 4 6 7 |  7.8
Armour         | 4 6 7 |  7.7
Dodging        | 2 4 5 |  5.7
Invocations    | 3 5 6 7 |  7.5
Evocations     | 3 5 6 |  6.9

Action                   |  1- 3 |  4- 6 |  7- 9 || total
-------------------------+-------+-------+-------++-------
Melee: Long sword        |    26 |    15 |       ||    41
       Scimitar          |       |    11 |    27 ||    38
Evoke: Wand              |       |       |     2 ||     2
  Use: Potion            |     1 |     1 |     4 ||     6
 Stab: Invisible         |       |     3 |       ||     3
Armor: Scale mail        |     8 |     6 |       ||    14
       Plate armour      |       |     4 |    11 ||    15
Dodge: Dodged            |     9 |     3 |    11 ||    23
Block: Kite shield       |     8 |     7 |    17 ||    32
       Rpst.: Long sword |     1 |     1 |       ||     2
       Scimitar          |       |     1 |     3 ||     4

Table legend: (Time is in decaauts)
 A = Elapsed time spent in this place.
 B = Non-inter-level travel time spent in this place.
 C = Inter-level travel time spent in this place.
 D = Time resting spent in this place.
 E = Time spent auto-exploring this place.
 F = Levels seen in this place.
 G = Mean time per level.
                   A        B        C        D        E       F      G
               +--------+--------+--------+--------+--------+-----+--------+
         Total |    494 |    494 |      0 |    288 |      0 |   1 |  494.0 |
       Dungeon |    494 |    494 |      0 |    288 |      0 |   1 |  494.0 |
               +--------+--------+--------+--------+--------+-----+--------+

Top non-repeatable levels by time:
       D: 494 daAuts
